 Seeded DCSS version 0.30.1-11-g7821555f0a (webtiles) character file.

Game seed: 6351066067085065685 (custom seed)

856 Esekla the Thaumaturge (level 7, 0/36 HPs)
             Began as a Deep Elf Wanderer on Nov 4, 2023.
             Was a Believer of Vehumet.
             Slain by Blork the orc
             ... wielding a +0 scimitar
              (15 damage)
             ... on level 6 of the Dungeon.
             The game lasted 00:34:03 (3918 turns).

Esekla the Thaumaturge (Deep Elf Wanderer)          Turns: 3918, Time: 00:34:04

Health: 0/36       AC:  4    Str: 11    XL:     7   Next: 70%
Magic:  10/20      EV: 12    Int: 20    God:    Vehumet [**....]
Gold:   276        SH:  4    Dex: 14    Spells: 15/22 levels left

rFire   . . .        s - +5 rapier of the Hero {heavy, rN+ Dex+3}
rCold   . . .        d - +0 buckler
rNeg    + . .        c - +0 robe
rPois   .            m - +0 helmet
rElec   .            (no cloak)
rCorr   .            l - +0 pair of gloves
SInv    .            (no boots)
Will    .....        x - amulet of magic regeneration
Stlth   ++           (no ring)
HPRegen 0.26/turn    (no ring)
MPRegen 0.57/turn

%: no passive effects
@: no status effects
A: no striking features
a: Renounce Religion


You were on level 6 of the Dungeon.
You worshipped Vehumet.
Vehumet was pleased with you.
You visited 1 branch of the dungeon, and saw 6 of its levels.

You collected 276 gold pieces.

Inventory:

Hand Weapons
 a - a +2 vampiric dagger
 r - a +0 trident
 s - the +5 rapier of the Hero (weapon) {heavy, rN+ Dex+3}
   (You found it on level 3 of the Dungeon)

   Dex:       It affects your dexterity (+3).
   rN:        It protects you from negative energy.
Missiles
 A - 5 poisoned darts (quivered)
Armour
 c - a +0 robe (worn)
 d - a +0 buckler (worn)
 l - a +0 pair of gloves (worn)
 m - a +0 helmet (worn)
Jewellery
 x - an amulet of magic regeneration (around neck)
Wands
 i - a wand of roots (16)
 C - a wand of flame (15)
Scrolls
 g - 5 scrolls of identify {unknown}
 o - a scroll of enchant armour {unknown}
 p - 2 scrolls of amnesia {unknown}
 q - a scroll of immolation {unknown}
 u - 2 scrolls of fog {unknown}
 v - a scroll of silence {unknown}
 w - a scroll of magic mapping {unknown}
 y - a scroll of summoning {unknown}
 z - 2 scrolls of blinking {unknown}
 B - 3 scrolls of enchant weapon {unknown}
 D - 2 scrolls of fear
Potions
 b - 2 potions of lignification
 e - a potion of ambrosia {unknown}
 f - 2 potions of attraction {unknown}
 h - a potion of heal wounds {unknown}
 j - 4 potions of curing
 k - a potion of haste {unknown}
 n - a potion of mutation {unknown}
 t - 3 potions of brilliance {unknown}


   Skills:
 + Level 1.5 Short Blades
 + Level 1.0 Throwing
 * Level 3.1 Dodging
 + Level 2.1 Stealth
 + Level 2.1 Shields
 * Level 8.0 Spellcasting
 + Level 1.6 Conjurations
 * Level 5.1 Necromancy
 + Level 3.3 Translocations
 + Level 1.2 Invocations


You had 15 spell levels left.
You knew the following spells:

 Your Spells              Type           Power      Damage    Failure   Level
a - Magic Dart            Conj           56%        1d5       6%          1
b - Blink                 Tloc           42%        N/A       4%          2
d - Vampiric Draining     Necr           28%        2d8       4%          3
p - Apportation           Tloc           42%        N/A       3%          1

Your spell library contained the following spells:

 Spells                   Type           Power      Damage    Failure   Level
 Volatile Blastmotes      Fire/Tloc      28%        2d12      19%         3
 Lesser Beckoning         Tloc           42%        N/A       4%          2
 Gell's Gravitas          Tloc           21%        N/A       10%         3
 Teleport Other           Tloc           21%        N/A       10%         3
 Ignite Poison            Fire/Tmut/Pois 8%         N/A       34%         3
 Spider Form              Tmut/Pois      8%         N/A       34%         3
 Cause Fear               Hex            4%         N/A       75%         4
 Summon Mana Viper        Hex/Summ       8%         N/A       97%         5


Dungeon Overview and Level Annotations

Branches:
Dungeon (6/15)
 Temple: D:4-7

Altars:
Dithmenos
Hepliaklqana
Okawaru
Qazlal
Trog
Vehumet
Zin
The Shining One

Shops:
D:2 =   D:4 (

Annotations:
D:6 Blork the orc


Message History

You puncture the ufetubus!
You kill the ufetubus!
Vehumet accepts your kill.
Blork the orc gestures at you while chanting.
The puff of flame hits you!
Blork the orc hits you but does no damage.
Casting: Magic Dart (safe; 6% risk of failure)
Confirm with . or Enter, or press ? or * to list all spells.
Aiming: Vampiric Draining (dangerous; 4% risk of failure)
Press: ? - help, Shift-Dir - straight line, f - Blork the orc
Aim: Blork the orc, wielding a +0 scimitar and wearing a +0 robe You draw life force from Blork the orc!
You feel life coursing into your body.
Blork the orc gestures wildly while chanting.
Blork the orc seems to speed up.
Casting: Vampiric Draining (dangerous; 4% risk of failure)
Confirm with . or Enter, or press ? or * to list all spells.
Aiming: Vampiric Draining (dangerous; 4% risk of failure)
Press: ? - help, Shift-Dir - straight line, f/p - Blork the orc
Aim: Blork the orc, wielding a +0 scimitar and wearing a +0 robe (moderately wounded, fast)
You draw life force from Blork the orc.
You feel life coursing into your body.
Blork the orc hits you with a +0 scimitar!
Blork the orc miscasts a cantrip.
Casting: Vampiric Draining (dangerous; 4% risk of failure)
Confirm with . or Enter, or press ? or * to list all spells.
Aiming: Vampiric Draining (dangerous; 4% risk of failure)
Press: ? - help, Shift-Dir - straight line, f/p - Blork the orc
Aim: Blork the orc, wielding a +0 scimitar and wearing a +0 robe (moderately wounded, fast)
You draw life force from Blork the orc.
You feel life coursing into your body.
An orc comes into view. It is wielding a +0 hand axe.
Blork the orc hits you with a +0 scimitar!
Casting: Vampiric Draining (dangerous; 4% risk of failure)
Confirm with . or Enter, or press ? or * to list all spells.
Aiming: Vampiric Draining (dangerous; 4% risk of failure)
Press: ? - help, Shift-Dir - straight line, f/p - Blork the orc
Aim: Blork the orc, wielding a +0 scimitar and wearing a +0 robe (heavily wounded, fast)
You draw life force from Blork the orc!
You feel life coursing into your body.
Blork the orc screams, "I'll make a cloak from your skin!"
Blork the orc hits you but does no damage.
Blork the orc hits you with a +0 scimitar!
You die...

.....
...####
#.....# #
#.....###.#
#.........
#......####
#<).......#
###.#####.
####@####
#...o...#
#.#o..#.# #
........
...........
#........o..
#...........
#..........
#.#########


You could see Blork the orc (fast) and an orc.

Vanquished Creatures
  A black bear (D:2)
  An ogre (D:5)
  2 scorpions (D:5)
  A gnoll bouda (D:4)
  4 hounds
  A sleepcap (D:5)
  4 iguanas
  12 gnolls
  8 adders
  2 white imps (D:5)
  An ufetubus (D:6)
  A worm (D:4)
  3 dart slugs
  10 orcs
  4 endoplasms
  8 goblins
  5 hobgoblins
  A quokka (D:1)
  6 ball pythons
  4 bats
  4 frilled lizards
  5 kobolds
  A rat (D:2)
89 creatures vanquished.

Notes
Turn   | Place    | Note
-------+----------+-------------------------------------------
     0 | D:1      | Esekla the Deep Elf Wanderer began the quest for the Orb.
     0 | D:1      | Esekla set off with the following items: a +0 club, a
                  | potion of lignification, a +0 robe, a +0 buckler; and the
                  | following spells available to memorise: Apportation, Blink,
                  | Lesser Beckoning, Magic Dart, Ignite Poison, Vampiric
                  | Draining.
     0 | D:1      | Reached XP level 1. HP: 10/10 MP: 7/7
     2 | D:1      | Learned a level 1 spell: Magic Dart
     4 | D:1      | Learned a level 1 spell: Apportation
   259 | D:2      | Found Renulab's Jewellery Shop.
   495 | D:4      | Found a radiant altar of Vehumet.
   503 | D:4      | Found an iron altar of Okawaru.
   514 | D:4      | Found a glowing silver altar of Zin.
   598 | D:4      | Became a worshipper of Vehumet
   800 | D:3      | Reached XP level 2. HP: 15/15 MP: 7/9
   803 | D:3      | Learned a level 2 spell: Blink
   866 | D:3      | Reached skill level 5 in Spellcasting
  1024 | D:3      | Identified the +5 rapier of the Hero {heavy, rN+ Dex+3}
  1233 | D:1      | Reached XP level 3. HP: 19/19 MP: 3/11
  1239 | D:1      | Learned a level 3 spell: Vampiric Draining
  1242 | D:1      | Reached * piety under Vehumet
  1242 | D:1      | Offered knowledge of Freeze by Vehumet.
  1292 | D:1      | Reached skill level 1 in Conjurations
  1693 | D:3      | Found a stormy altar of Qazlal.
  1700 | D:3      | Reached skill level 1 in Necromancy
  1700 | D:3      | Reached XP level 4. HP: 24/24 MP: 8/13
  1702 | D:3      | Found a hazy altar of Hepliaklqana.
  1702 | D:3      | Found a bloodstained altar of Trog.
  1712 | D:3      | Reached skill level 1 in Short Blades
  1712 | D:3      | Reached skill level 1 in Dodging
  2004 | D:5      | Entered Level 5 of the Dungeon
  2017 | D:5      | Got the Parchment of the Lumpy Olives
  2041 | D:5      | Found a shadowy altar of Dithmenos.
  2306 | D:4      | Reached XP level 5. HP: 26/28 MP: 13/15
  2417 | D:2      | Reached skill level 6 in Spellcasting
  2513 | D:2      | Found a faded altar of an unknown god.
  2570 | D:2      | Noticed a black bear
  2581 | D:2      | Killed a black bear
  2582 | D:2      | Reached XP level 6. HP: 31/32 MP: 17/17
  2707 | D:4      | Found Ponaysk's Antique Weapon Boutique.
  2810 | D:4      | Found a glowing golden altar of the Shining One.
  2918 | D:5      | Reached ** piety under Vehumet
  2982 | D:5      | Reached skill level 7 in Spellcasting
  2998 | D:5      | Offered knowledge of Foxfire by Vehumet.
  3095 | D:4      | Reached XP level 7. HP: 15/35 MP: 10/19
  3835 | D:5      | Reached skill level 1 in Throwing
  3835 | D:5      | Reached skill level 5 in Necromancy
  3849 | D:5      | Offered knowledge of Volatile Blastmotes by Vehumet.
  3850 | D:5      | Reached skill level 8 in Spellcasting
  3905 | D:6      | Noticed Blork the orc
  3918 | D:6      | Slain by Blork the orc

Illustrated notes

Levels and vault maps discovered:
D:1:      sevenhm_arrival_forest_fort_small_3, layout_rooms,
          chequers_serial_rivers_room_b, minmay_misc_feat_five
D:2:      layout_loops_ring, dreamdust_ecumenical_altar_angels_and_demons,
          serial_shops, shop
D:3:      layout_basic, grunt_temple_overflow_open, minmay_misc_feat_iff
D:4:      layout_basic, nicolae_overflow_quartered_altars, serial_shops,
          nicolae_diamond_shop
D:5:      layout_loops_ring, lemuel_doored_altar, minmay_misc_feat_rows,
          dreamdust_wishing_well
D:6:      layout_loops_cross, fedhas_altar_fruit_tree,
          minmay_temple_entry_glass, uniq_pikel, uniq_blork_the_orc

Skill      XL: |  1  2  3  4  5  6  7 |
---------------+----------------------+-----
Spellcasting   | 5 6 7 8 |  8.0
Conjurations   | 1 |  1.6
Necromancy     | 1 2 3 5 |  5.1
Short Blades   | 1 |  1.5
Dodging        | 1 2 3 |  3.1
Stealth        | 2 |  2.1
Shields        | 2 |  2.1
Translocations | 3 |  3.3
Throwing       | 1 |  1.0
Invocations    | |  1.2

Action                     |  1- 3 |  4- 6 |  7- 9 || total
---------------------------+-------+-------+-------++-------
  Melee: Short sword       |    19 |       |       ||    19
         Rapier            |    26 |    25 |    17 ||    68
         Dagger            |       |    37 |    24 ||    61
  Throw: Dart              |       |    19 |    16 ||    35
   Cast: Apportation       |    29 |    19 |    21 ||    69
         Magic Dart        |    60 |    45 |     9 ||   114
         Blink             |       |     4 |     2 ||     6
         Vampiric Draining |       |    20 |    22 ||    42
    Use: Scroll            |     1 |       |       ||     1
         Potion            |       |     1 |       ||     1
   Stab: Sleeping          |     4 |     2 |     1 ||     7
 Armour: Robe              |    23 |    14 |    11 ||    48
  Dodge: Dodged            |    25 |    38 |    40 ||   103
  Block: Buckler           |     6 |    13 |    14 ||    33
